 Dungeon Crawl Stone Soup version 0.25-a0-294-gea9b1ad378 (webtiles) character file.

Game seed: 9756071244707197103, levelgen mode: classic

99 Borgoz the Skirmisher (level 4, 0/29 HPs)
             Began as a Gargoyle Berserker on Dec 19, 2019.
             Was a Believer of Trog.
             Killed by divine providence
             ... invoked by an orc priest
              (11 damage)
             ... on level 3 of the Dungeon.
             The game lasted 00:01:33 (1748 turns).

Borgoz the Skirmisher (Gargoyle Berserker)          Turns: 1748, Time: 00:01:34

Health: 0/29       AC: 12    Str: 20    XL:     4   Next: 72%
Magic:  4/4        EV: 10    Int:  8    God:    Trog [**....]
Gold:   132        SH:  0    Dex: 10    Spells: 3/3 levels left

rFire    . . .     SeeInvis .   a - +0 falchion
rCold    . . .     Gourm    .   (no shield)
rNeg     + . .     Faith    .   e - +0 scale mail
rPois    ∞         Spirit   .   l - +2 hat
rElec    +         Reflect  .   (no cloak)
rCorr    .         Harm     .   (no gloves)
MR       .....                  (no boots)
Stlth    ..........             (no amulet)
HPRegen  0.09/turn              (no ring)
MPRegen  0.09/turn              (no ring)

@: no status effects
A: negative energy resistance 1, electricity resistance, unbreathing,
petrification resistance, rot immunity, AC +3
a: Berserk, Trog's Hand, Renounce Religion


You were on level 3 of the Dungeon.
You worshipped Trog.
Trog was pleased with you.
You were not hungry.

You visited 1 branch of the dungeon, and saw 3 of its levels.

You collected 132 gold pieces.

Inventory:

Hand Weapons
 a - a +0 falchion (weapon)
Armour
 e - a +0 scale mail (worn)
 l - a +2 hat (worn)
Scrolls
 b - a scroll of remove curse {unknown}
 d - 2 scrolls of fear {unknown}
 f - 2 scrolls of identify {unknown}
 g - 3 scrolls of teleportation {unknown}
 h - a scroll of enchant weapon {unknown}
 j - a scroll of fog {unknown}
Potions
 i - 2 potions of invisibility {unknown}
 k - 2 potions of resistance {unknown}
Comestibles
 c - 3 rations
 m - 2 chunks of flesh


   Skills:
 + Level 3.9 Fighting
 * Level 3.7 Long Blades
 + Level 3.0 Armour
 + Level 2.2 Dodging


You had 3 spell levels left.
You didn't know any spells.
Your spell library was empty.

Dungeon Overview and Level Annotations

Branches:
Dungeon (3/15)

Altars:
Dithmenos


Innate Abilities, Weirdness & Mutations

You are resistant to torment.
Your stone body is resilient. (AC +3)
You are immune to poison.
You resist negative energy. (rN+)
You are resistant to electric shocks. (rElec)
You can survive without breathing.
You are immune to petrification.
You are immune to rotting.


Message History

You hit the orc but do no damage.
The orc is lightly wounded.
The orc priest hits you but does no damage.
The orc barely misses you.
You riposte.
You hit the orc.
The orc is heavily wounded.
The orc priest barely misses you.
You hit the orc but do no damage.
The orc is heavily wounded.
The orc hits you.
The orc priest hits you with a +0 dagger.
You hit the orc priest.
The orc priest is moderately wounded.
The orc hits you but does no damage.
The orc priest casts a cantrip, but nothing happens.
You slash the orc priest!
The orc priest is almost dead.
The orc hits you but does no damage.
The orc priest mumbles some strange prayers to Beogh against you.
Beogh smites you!
You die...

##(..........
#.#(#.#.#.#.#.
##.............
#.#.#.#.#.#.#.#
##....)....).^..
#.#.#.#.#.#.#.#.
#......÷....(...
###.#.#.#.#.#.#.#.#
......o@...........
...#.#o#.#.#.#.#.#
...............
#.#.#.#.#.#.#.#. ..
.... ........ ..
#.#.# #.#.#.# .
.... .... #.#.# #.#


You could see an orc priest and an orc.

Vanquished Creatures
  An orc wizard (D:3)
  3 adders
  An ooze (D:2)
  2 worms
  3 orcs (D:3)
  A giant cockroach (D:1)
  6 goblins
  2 hobgoblins
  4 jackals (D:2)
  2 quokkas (D:2)
  2 frilled lizards
  A kobold (D:1)
  6 rats
34 creatures vanquished.

Notes
Turn   | Place    | Note
-------+----------+-------------------------------------------
     0 | D:1      | Borgoz the Gargoyle Berserker began the quest for the Orb.
     0 | D:1      | Reached XP level 1. HP: 14/14 MP: 1/1
   129 | D:1      | Reached XP level 2. HP: 19/19 MP: 2/2
  1038 | D:2      | Reached XP level 3. HP: 19/23 MP: 3/3
  1167 | D:2      | Found a shadowy altar of Dithmenos.
  1502 | D:3      | Reached XP level 4. HP: 23/29 MP: 4/4
  1517 | D:3      | Reached ** piety under Trog
  1748 | D:3      | Killed from afar by an orc priest

Levels and vault maps discovered:
D:1:      mrwooster_arrival_statue_3, layout_rooms, minmay_misc_feat_tower,
          serial_bayou_crossing
D:2:      layout_loops_ring, overflow_temple_1_default
D:3:      layout_basic, lemuel_crystal_altar, chequers_ecumenical_altar_simple,
          hex_large

Skill      XL: |  1  2  3  4 |
---------------+-------------+-----
Long Blades    | 3 |  3.7
Dodging        | 2 |  2.2
Armour         | 3 |  3.0
Fighting       | |  3.9

Action                   |  1- 3 |  4- 6 || total
-------------------------+-------+-------++-------
Melee: Falchion          |    94 |    39 ||   133
  Eat: Chunk             |     1 |     2 ||     3
Armor: Scale mail        |    56 |    29 ||    85
Dodge: Dodged            |    44 |    23 ||    67
       Rpst.: Falchion   |    15 |     7 ||    22

Table legend:
 A = Non-vault XP
 B = Vault XP
 C = Vault XP percentage of total XP
 D = Non-vault monster count
 E = Vault monster count
 F = Vault count percentage of total count
                 A         B        C        D         E       F
            +---------+---------+-------+---------+---------+-------
      Total |     142 |       0 |   0.0 |      34 |       0 |   0.0
            +---------+---------+-------+---------+---------+-------
        D:1 |      11 |       0 |   0.0 |       7 |       0 |   0.0
        D:2 |      62 |       0 |   0.0 |      18 |       0 |   0.0
        D:3 |      69 |       0 |   0.0 |       9 |       0 |   0.0
            +---------+---------+-------+---------+---------+-------
